 Dungeon Crawl Stone Soup version 0.27.0-1-g7a089689b8 (webtiles) character file.

Game seed: 1249322594906509426

136437 VictoriousLee the Fighter (level 16, -10/134 HPs)
             Began as a Demonspawn Abyssal Knight on Aug 16, 2021.
             Was the Champion of Lugonu.
             Mangled by a tyrant leech (21 damage)
             ... on level 3 of the Swamp on Aug 17, 2021.
             The game lasted 03:52:29 (45646 turns).

VictoriousLee the Fighter (DsAK)                   Turns: 45646, Time: 03:52:29

Health: -10/134    AC: 30    Str: 19    XL:     16   Next: 66%
Magic:  20/24      EV:  8    Int: 17    God:    Lugonu [******]
Gold:   129        SH: 13    Dex: 12    Spells: 18/23 levels left

rFire    . . .     SeeInvis +   b - +3 long sword (vamp)
rCold    + + .     Faith    +   o - +2 kite shield {AC+3}
rNeg     . . .     Spirit   .   u - +1 plate armour {rC+}
rPois    +         Reflect  .   M - +3 crown of Dyrovepreva {rElec Int+2 SInv}
rElec    +         Harm     .   d - +2 cloak
rCorr    .         Rampage  .   (no gloves)
Will     +....                  R - +1 pair of boots
Stlth    ..........             m - amulet of faith
HPRegen  0.32/turn              C - ring of protection from cold
MPRegen  0.19/turn              S - +4 ring of protection

@: no status effects
A: claws 2, demonic guardian 1, spiny 1, sturdy frame 3, poison resistance
a: Renounce Religion, Depart the Abyss, Bend Space, Banish, Corrupt, Enter the
Abyss, Brand Weapon With Distortion


You were on level 3 of the Swamp.
You worshipped Lugonu.
Lugonu was exalted by your worship.
You visited 4 branches of the dungeon, and saw 26 of its levels.
You visited the Abyss 1 time.
You also visited: Sewer, Ossuary and Ice Cave.

You collected 2259 gold pieces.
You spent 2130 gold pieces at shops.

Inventory:

Hand Weapons
 a - the +9 rapier of Hairy Fortitude {vorpal, Str+6}
   (You found it on level 5 of the Lair of Beasts)

   It inflicts extra damage upon your enemies.
   Str:       It affects your strength (+6).
 b - a +3 vampiric long sword (weapon)
 n - a +1 long sword of distortion
 N - a +2 scimitar of flaming
Missiles
 g - 5 boomerangs of dispersal
 q - 4 datura-tipped darts (quivered)
 V - 3 throwing nets
Armour
 d - a +2 cloak (worn)
 o - a +2 kite shield of protection (worn)
 p - +0 swamp dragon scales
 s - a +1 buckler of reflection
 u - a +1 plate armour of cold resistance (worn)
 I - the +5 ring mail "Xunkitohab" {rN+ Will+ Str+3 Dex+2}
   (You found it on level 4 of the Dungeon)

   Str:       It affects your strength (+3).
   Dex:       It affects your dexterity (+2).
   rN:        It protects you from negative energy.
   Will:      It increases your willpower.
 M - the +3 crown of Dyrovepreva (worn) {rElec Int+2 SInv}
   (You bought it in a shop on level 2 of the Orcish Mines)

   Int:       It affects your intelligence (+2).
   rElec:     It insulates you from electricity.
   SInv:      It lets you see invisible.
 R - a +1 pair of boots (worn)
Magical Staves
 t - a staff of conjuration
Jewellery
 m - an amulet of faith (around neck)
 y - a ring of resist corrosion
 C - a ring of protection from cold (left claw)
 S - a +4 ring of protection (right claw)
 X - a ring of ice
Wands
 c - a wand of digging (9)
 h - a wand of mindburst (23)
 k - a wand of iceblast (30)
 l - a wand of polymorph (19)
 H - a wand of paralysis (13)
 Q - a wand of flame (69)
 Z - a wand of acid (31)
Scrolls
 j - 7 scrolls of immolation
 r - 2 scrolls of fear
 v - a scroll of magic mapping
 w - a scroll of brand weapon
 D - a scroll of enchant armour
 E - 2 scrolls of teleportation
 K - 11 scrolls of identify
 P - a scroll of silence
 U - 2 scrolls of blinking
 Y - 4 scrolls of enchant weapon
Potions
 e - 4 potions of flight
 z - 2 potions of mutation
 A - 3 potions of cancellation
 L - 4 potions of ambrosia
 O - 10 potions of curing
 W - 3 potions of attraction
Miscellaneous
 i - a box of beasts
 x - a lightning rod (4/4)


   Skills:
 + Level 14.4 Fighting
 - Level 11.1(14.0) Short Blades
 - Level 14.1(15.4) Long Blades
 - Level 4.1 Crossbows
 - Level 8.0 Armour
 - Level 0.8 Dodging
 - Level 8.0 Shields
 - Level 4.0 Spellcasting
 - Level 5.8 Translocations
 - Level 5.0 Transmutations
 - Level 10.7 Invocations
 - Level 6.0 Evocations


You had 18 spell levels left.
You knew the following spells:

 Your Spells              Type           Power      Damage    Failure   Level
a - Sting                 Tmut/Pois      44%        1d5       50%         1
b - Passage of Golubria   Tloc           N/A        N/A       80%         4

Your spell library contained the following spells:

 Spells                   Type           Power      Damage    Failure   Level
 Gell's Gravitas          Tloc           11%        N/A       38%         3
 Lesser Beckoning         Tloc           11%        N/A       38%         3
 Teleport Other           Tloc           23%        N/A       38%         3
 Freeze                   Ice            12%        1d4       83%         1
 Magic Dart               Conj           12%        1d3       83%         1
 Call Imp                 Summ           3%         N/A       93%         2
 Searing Ray              Conj           6%         3d3       93%         2
 Slow                     Hex            3%         N/A       93%         2
 Confusing Touch          Hex            3%         N/A       99%         3
 Frozen Ramparts          Ice            6%         1d2       99%         3
 Mephitic Cloud           Conj/Pois/Air  3%         N/A       99%         3
 Tukima's Dance           Hex            3%         N/A       99%         3
 Blade Hands              Tmut           10%        N/A       99%         5
 Animate Armour           Summ/Erth      6%         N/A       100%        4
 Cause Fear               Hex            1%         N/A       100%        4
 Fulminant Prism          Conj/Hex       1%         3d6       100%        4
 Hailstorm                Conj/Ice       3%         3d3       100%        4
 Leda's Liquefaction      Hex/Erth       1%         N/A       100%        4
 Alistair's Intoxication  Tmut/Pois      7%         N/A       100%        5
 Bolt of Magma            Conj/Fire/Erth 1%         4d4       100%        5
 Borgnjor's Vile Clutch   Necr/Erth      1%         N/A       100%        5
 Yara's Violent Unravell  Hex/Tmut       5%         3d4       100%        5
 Eringya's Noxious Bog    Tmut/Pois      5%         N/A       100%        6
 Iron Shot                Conj/Erth      1%         9d1       100%        6
 Statue Form              Tmut/Erth      7%         N/A       100%        6
 Dragon Form              Tmut           10%        N/A       100%        7
 Disjunction              Tloc           11%        N/A       100%        8
 Dragon's Call            Summ           1%         N/A       100%        9


Dungeon Overview and Level Annotations

Branches:
Dungeon (15/15)            Temple (0/1) D:7            Lair (6/6) D:9
  Swamp (3/4) Lair:4        Snake (0/4) Lair:3        Slime (0/5) Lair:6
    Orc (2/2) D:12            Elf (0/3) Orc:2        Vaults (0/5) D:14
 Depths (0/5) D:15          Sewer (visited)         Ossuary (visited)
  IceCv (visited)

Altars:
Cheibriados
Dithmenos
Elyvilon
Fedhas
Gozag
Nemelex Xobeh
Sif Muna
Trog
Uskayaw
Wu Jian
Zin
The Shining One

Shops:
D:8 *   D:13 *   Orc:1 (   Orc:2 (![!!

Portals:
Trove: D:11 (give 12 potions of heal wounds)

Annotations:
D:7 exclusion: oklob plant
D:8 corrupted
Swamp:3 Mara


Innate Abilities, Weirdness & Mutations

You have very sharp fingernails.
A weak demonic guardian rushes to your aid.
You are partially covered in sharp spines.
Your movements are significantly less encumbered by armour. (ER -6)
Your system is resistant to poisons. (rPois)


Message History

You hit the thorn hunter.
The thorn hunter is severely damaged.
The thorn hunter hits you. You block the thorn hunter's attack.
You hit the thorn hunter but do no damage.
The thorn hunter is severely damaged.
The thorn hunter gestures.
A seven-headed hydra comes into view.
The seven-headed hydra moves out of view.
You hit the thorn hunter.
The thorn hunter is severely damaged.
The thorn hunter gestures.
You hit the thorn hunter but do no damage.
The thorn hunter is severely damaged.
The thorn hunter is struck by your spines.
The thorn hunter hits you but does no damage. x2
You hit the thorn hunter but do no damage.
The thorn hunter is severely damaged.
The thorn hunter fires a volley of thorns at you.
You block the volley of thorns.
You hit the thorn hunter.
The thorn hunter is severely damaged.
The thorn hunter fires a volley of thorns at you.
The volley of thorns hits you!!
* * * LOW HITPOINT WARNING * * *
A demonic guardian appears!
Press: ? - help, Shift-Dir - straight line, f - thorn hunter
Aim: a thorn hunter (severely damaged, ally target, chance to affect: 25%)
The thorn hunter is devoured by a tear in reality.
Lugonu claims a new guest.
Mara blinks!
Okay, then.
You feel much better. Mara gestures at you.
The bolt of fire hits your rust devil.
Your rust devil completely resists.
The bolt of fire hits you!!!
* * * LOW HITPOINT WARNING * * *
The tyrant leech is struck by your spines.
The tyrant leech bites you!!
You die...

.≈≈. .≈PP ..♣♣. .≈PP ...≈♣
..≈§. .(.≈
§≈≈♣..#######.../
≈≈≈...#.§#§..#
≈≈≈≈..R4.÷w...#
≈≈..♣..#.@#§..# ≈
....♣..#####.## ≈≈
≈.....+......# ...
≈≈≈.w..#.....f#..(≈≈
..≈≈≈≈.♣..#####..#...≈≈
≈≈≈≈.....w........f≈≈≈
≈.≈§≈≈≈♣.........≈.≈≈ ≈♣♣♣♣
.≈≈≈≈.♣♣♣≈.....≈.≈§≈
≈...≈♣♣♣.≈≈.≈..♣≈.≈≈≈≈.≈..§


You could see Mara (ally target), a tyrant leech and a friendly rust devil
(summoned).

Vanquished Creatures
  A tentacled monstrosity (Swamp:2)
  Gastronok (D:12)
  A fenstrider witch (Swamp:2)
  An azure jelly (D:14)
  An ironbound preserver (D:14)
  A very ugly thing (IceCv)
  Nessos (Orc:2)
  A bunyip (Swamp:3)
  3 eleionomae
  Snorg (D:10)
  Josephine (D:14)
  Fannar (Orc:1)
  A fire dragon (Lair:6)
  A boulder beetle (D:11)
  10 hydras
  A rakshasa (D:14)
  A catoblepas (D:14)
  Erica (D:11)
  4 two-headed ogres
  5 tengu warriors
  A death knight (D:13)
  4 centaur warriors
  6 alligators
  5 orc high priests (Orc:2)
  A hell knight (D:15)
  3 goliath frogs
  A fire crab (Lair:6)
  A deep troll (D:15)
  4 swamp dragons
  A lindwurm (Lair:2)
  Pikel (D:9)
  9 orc knights
  A bog body (Swamp:2)
  An orange crystal statue (IceCv)
  4 deep elf pyromancers
  2 oklob plants
  12 ugly things
  6 cyclopes
  A manticore (D:14)
  A will-o-the-wisp (Swamp:2)
  3 elephants (Lair:5)
  Joseph (D:7)
  3 black mambas
  3 molten gargoyles (Lair:6)
  A torpor snail (Lair:5)
  A black mamba (shapeshifter) (D:13)
  10 cane toads
  2 gargoyles
  2 unseen horrors
  4 freezing wraiths
  A kobold demonologist (D:11)
  15 komodo dragons
  2 rime drakes
  3 tengu conjurers (D:15)
  3 meliai (D:11)
  3 trolls
  6 tyrant leeches
  2 polar bears
  A polar bear (shapeshifter) (D:15)
  6 hornets
  17 slime creatures
  34 blink frogs
  9 dream sheep
  A tarantella (shapeshifter) (D:14)
  2 water elementals (D:15)
  37 yaks
  6 wraiths
  4 spriggans
  10 wyverns
  6 hogs (Lair:4)
  A vampire (D:11)
  Grum (D:9)
  A dire elephant simulacrum (IceCv)
  9 vampire mosquitoes
  8 basilisks
  3 steam dragons
  8 swamp worms
  Menkaure (D:6)
  A harpy simulacrum (IceCv)
  3 nagas (Lair:3)
  4 wargs
  6 water moccasins
  3 hell hounds (Lair:6)
  27 orc warriors
  A swamp drake (Orc:1)
  An alligator simulacrum (IceCv)
  An ice beast (D:6)
  2 black bears
  2 ettin simulacra (IceCv)
  A necrophage (D:5)
  10 wolves
  4 ogres
  15 centaurs
  A lemure (D:9)
  3 kobold brigands (D:11)
  7 bullfrogs
  3 scorpions
  A bullfrog (shapeshifter) (D:15)
  2 water moccasin zombies
  A wyvern zombie (D:9)
  A lindwurm simulacrum (IceCv)
  7 killer bees
  An electric eel (D:15)
  5 wights (D:9)
  A howler monkey (D:4)
  4 lava snakes (Lair:6)
  A crimson imp (Orc:1)
  3 hounds
  5 jellies
  3 centaur zombies
  A bullfrog zombie (D:6)
  A human zombie (Ossuary)
  29 orc priests
  2 gnoll shamans
  2 iron imps
  A bullfrog skeleton (D:4)
  2 iguanas
  16 orc wizards
  6 hell rats (Lair:4)
  A killer bee zombie (D:9)
  2 hound skeletons (D:5)
  5 mummies (Ossuary)
  A howler monkey skeleton (D:4)
  9 gnolls
  5 adders
  11 river rats
  3 shadow imps
  3 white imps
  An ufetubus (D:5)
  3 worms
  An adder skeleton (D:4)
  3 dart slugs
  64 orcs
  8 endoplasms
  4 giant cockroaches
  5 goblins
  6 hobgoblins
  11 jackals
  27 kobolds
  5 quokkas
  10 ball pythons
  8 bats
  4 frilled lizards
  2 gnoll zombies (Ossuary)
  3 orc zombies (Ossuary)
  A quokka skeleton (D:4)
  22 rats
  A bush (D:8)
752 creatures vanquished.

Vanquished Creatures (collateral kills)
  Kirke (Lair:4)
  A very ugly thing (IceCv)
  2 hydras (Lair:6)
  A ghost crab (Swamp:2)
  2 centaur warriors
  An orange crystal statue (IceCv)
  A will-o-the-wisp (Swamp:3)
  A black mamba (Lair:6)
  2 freezing wraiths (IceCv)
  An anaconda simulacrum (IceCv)
  A dire elephant simulacrum (IceCv)
  A yak (Lair:6)
  A water moccasin (Lair:2)
  2 hydra simulacra (IceCv)
  2 orc warriors
  2 alligator simulacra (IceCv)
  An ogre (D:5)
  A centaur (D:14)
  An orc priest (Orc:2)
  A gnoll (D:9)
  An orc (Orc:2)
  A ball python (D:1)
  A kobold (D:1)
  A rat (D:1)
30 creatures vanquished.

Vanquished Creatures (others)
  A caustic shrike simulacrum (IceCv)
  A deep elf zephyrmancer (Orc:1)
  2 golden dragon simulacra (IceCv)
  A bloated husk (Swamp:2)
  2 yaks (D:8)
  A hydra simulacrum (IceCv)
  An ettin simulacrum (IceCv)
  A kobold brigand (D:8)
  4 killer bees (D:8)
  4 orcs (Orc:1)
  3 kobolds (D:8)
  25 foxfires
  32 fungi
  95 plants
  4 starspawn tentacles (D:8)
  16 toadstools (D:7)
193 creatures vanquished.

Grand Total: 975 creatures vanquished

Notes
Turn   | Place    | Note
-------+----------+-------------------------------------------
     0 | Abyss:1  | VictoriousLee the Demonspawn Abyssal Knight began the quest
                  | for the Orb.
     0 | Abyss:1  | Reached XP level 1. HP: 18/18 MP: 2/2
     5 | Abyss:1  | Found an ornate altar of the Wu Jian Council.
    18 | D:1      | Escaped the Abyss
   241 | D:1      | Found a faded altar of an unknown god.
   404 | D:1      | Gained mutation: A weak demonic guardian rushes to your
                  | aid. [demonic ancestry]
   404 | D:1      | Reached XP level 2. HP: 24/24 MP: 3/3
   871 | D:1      | Reached ** piety under Lugonu
  1275 | D:2      | Gained mutation: You have sharp fingernails. [demonic
                  | ancestry]
  1275 | D:2      | Reached XP level 3. HP: 24/29 MP: 4/4
  1394 | D:2      | Found a hide-covered altar of Uskayaw.
  2052 | D:3      | Reached XP level 4. HP: 21/35 MP: 5/5
  2495 | D:3      | Reached *** piety under Lugonu
  2540 | D:3      | Found a bloodstained altar of Trog.
  2759 | D:3      | Found a shimmering blue altar of Sif Muna.
  2763 | D:3      | Got Sif Muna's Incunabulum of Cheese
  3214 | D:4      | Noticed a scorpion
  3329 | D:4      | Killed a scorpion
  3330 | D:4      | Reached XP level 5. HP: 25/41 MP: 7/7
  3388 | D:4      | Reached skill level 5 in Long Blades
  3607 | D:4      | Found a glowing drain.
  3627 | D:4      | Reached XP level 6. HP: 45/47 MP: 8/8
  3649 | Sewer    | Entered a sewer
  3928 | Sewer    | Reached **** piety under Lugonu
  4813 | D:4      | Reached skill level 5 in Invocations
  4947 | D:4      | Identified the +5 ring mail "Xunkitohab" {rN+ Will+ Str+3
                  | Dex+2}
  4987 | D:4      | Reached ***** piety under Lugonu
  4998 | D:4      | Reached XP level 7. HP: 52/52 MP: 10/10
  5042 | D:4      | Found an opulent altar of Gozag.
  5280 | D:5      | Entered Level 5 of the Dungeon
  5346 | D:5      | Found a sand-covered staircase.
  5591 | Ossuary  | Entered an ossuary
  5880 | D:5      | Found a shadowy altar of Dithmenos.
  5962 | D:5      | Gained mutation: Your movements are slightly less
                  | encumbered by armour. (ER -2) [demonic ancestry]
  5962 | D:5      | Reached XP level 8. HP: 58/58 MP: 12/12
  6957 | D:6      | Noticed Menkaure
  6976 | D:6      | Killed Menkaure
  7489 | D:6      | Gained mutation: You have very sharp fingernails. [demonic
                  | ancestry]
  7489 | D:6      | Reached XP level 9. HP: 63/63 MP: 15/15
  7548 | D:7      | Noticed Joseph
  7571 | D:7      | Killed Joseph
  7572 | D:7      | Reached skill level 10 in Long Blades
  7609 | D:7      | Found a staircase to the Ecumenical Temple.
  7682 | D:7      | Found a snail-covered altar of Cheibriados.
  7821 | D:7      | Found a sparkling altar of Nemelex Xobeh.
  8105 | D:7      | Found a blossoming altar of Fedhas.
  8176 | D:7      | Noticed an oklob plant
  8844 | D:8      | Paralysed by a hornet for 3 turns
  9388 | D:8      | Found Taosyon's Elemental Accessories.
  9396 | D:8      | Bought a wand of iceblast (10) for 182 gold pieces
  9515 | D:8      | Corrupted D:8
  9515 | D:8      | Noticed a smoke demon
  9515 | D:8      | Noticed a tentacled starspawn
  9515 | D:8      | Noticed a smoke demon
  9515 | D:8      | Noticed a smoke demon
  9516 | D:8      | Noticed a bone dragon
  9517 | D:8      | Noticed a spatial maelstrom
  9518 | D:8      | Noticed a starcursed mass
  9519 | D:8      | Gained mutation: You occasionally shout uncontrollably at
                  | your foes. [a neqoxec]
  9520 | D:8      | Noticed a rakshasa
  9521 | D:8      | Noticed a worldbinder
  9582 | D:8      | Noticed a thrashing horror
  9594 | D:8      | Noticed a thrashing horror
  9600 | D:8      | Noticed a starcursed mass
 10057 | D:8      | Reached skill level 10 in Invocations
 10057 | D:8      | Reached XP level 10. HP: 70/70 MP: 15/18
 10058 | D:8      | Reached skill level 5 in Fighting
 10058 | D:8      | Reached XP level 11. HP: 81/81 MP: 15/19
 10509 | D:9      | Noticed Pikel
 10522 | D:9      | Killed Pikel
 10523 | D:9      | Reached XP level 12. HP: 84/91 MP: 20/20
 10675 | D:9      | Paralysed by a hornet for 3 turns
 10946 | D:9      | Lost mutation: You occasionally shout uncontrollably at
                  | your foes. [potion of mutation]
 10946 | D:9      | Gained mutation: You evolve. [potion of mutation]
 10946 | D:9      | Gained mutation: Your system is resistant to poisons.
                  | (rPois) [potion of mutation]
 11248 | D:9      | Noticed Grum
 11255 | D:9      | Killed Grum
 11457 | D:9      | Found a staircase to the Lair.
 11720 | D:10     | Entered Level 10 of the Dungeon
 11726 | D:10     | Noticed a two-headed ogre
 11735 | D:10     | Banished a two-headed ogre
 11813 | D:10     | Lost mutation: You evolve. [evolution]
 12022 | D:10     | Noticed Snorg
 12042 | D:10     | Killed Snorg
 12157 | D:10     | Noticed a two-headed ogre
 12169 | D:10     | Killed a two-headed ogre
 12458 | D:10     | Found an ornate altar of the Wu Jian Council.
 13207 | D:10     | Reached skill level 10 in Fighting
 13284 | D:10     | Noticed a centaur warrior
 13290 | D:10     | Noticed a six-headed hydra
 13303 | D:10     | Killed a centaur warrior
 13303 | D:10     | Reached ****** piety under Lugonu
 13309 | D:10     | Noticed a centaur warrior
 13693 | D:10     | Killed a six-headed hydra
 13872 | D:10     | Killed a centaur warrior
 14482 | Lair:1   | Entered Level 1 of the Lair of Beasts
 14519 | Lair:1   | Reached skill level 1 in Crossbows
 14553 | Lair:1   | Reached skill level 5 in Armour
 15697 | Lair:2   | Gained mutation: You are partially covered in sharp spines.
                  | [demonic ancestry]
 15697 | Lair:2   | Reached XP level 13. HP: 50/106 MP: 21/21
 16613 | Lair:2   | Reached skill level 1 in Evocations
 17835 | Lair:3   | You fall into a shaft and drop 1 floor!
 17877 | Lair:4   | Found a staircase to the Swamp.
 18166 | Lair:4   | Noticed Kirke
 18177 | Lair:4   | Noticed a sphinx
 18723 | Lair:3   | Reached skill level 5 in Evocations
 18742 | Lair:3   | Found a staircase to the Snake Pit.
 19243 | Lair:3   | Learned a level 1 spell: Sting
 19635 | Lair:4   | Killed Kirke
 20614 | Lair:5   | Identified the +9 rapier of Hairy Fortitude {vorpal, Str+6}
 21026 | Lair:5   | Reached skill level 1 in Short Blades
 21329 | Lair:6   | Entered Level 6 of the Lair of Beasts
 21885 | Lair:6   | Found a staircase to the Slime Pits.
 21940 | Lair:6   | Gained mutation: Your movements are less encumbered by
                  | armour. (ER -4) [demonic ancestry]
 21940 | Lair:6   | Reached XP level 14. HP: 83/113 MP: 22/22
 22172 | Lair:6   | Reached skill level 5 in Transmutations
 22259 | Lair:6   | Learned a level 4 spell: Passage of Golubria
 22422 | Lair:6   | Reached skill level 1 in Translocations
 22539 | Lair:5   | Reached skill level 1 in Spellcasting
 24021 | Lair:6   | Found a large runed translucent door.
 24138 | Lair:6   | Reached skill level 5 in Short Blades
 24149 | Lair:6   | Found a large runed translucent door.
 25095 | D:11     | Found a portal to a secret trove of treasure.
 25465 | D:11     | Reached skill level 5 in Translocations
 26537 | D:11     | Noticed Erica
 26552 | D:11     | Killed Erica
 27225 | D:12     | Found a staircase to the Orcish Mines.
 27299 | D:12     | Noticed Gastronok
 27328 | D:12     | Killed Gastronok
 27897 | Orc:1    | Entered Level 1 of the Orcish Mines
 28257 | Orc:1    | Identified the +2 robe of the Big Bang {Int-5 Dex+4}
 28386 | Orc:1    | Found Beurph's Antique Weapon Shop.
 28696 | Orc:1    | Noticed Fannar
 28719 | Orc:1    | Killed Fannar
 29235 | Orc:2    | Entered Level 2 of the Orcish Mines
 30502 | Orc:2    | Gained mutation: Your movements are significantly less
                  | encumbered by armour. (ER -6) [demonic ancestry]
 30502 | Orc:2    | Reached XP level 15. HP: 106/119 MP: 23/23
 30534 | Orc:2    | Noticed Nessos
 30555 | Orc:2    | Killed Nessos
 30681 | Orc:2    | Found a staircase to the Elven Halls.
 30717 | Orc:2    | Found Riruot's Antique Weapon Shoppe.
 31998 | Orc:2    | Found Beditti's Antique Armour Boutique.
 32001 | Orc:2    | Found Kojomil's Distillery.
 32002 | Orc:2    | Found Daytrus's Distillery.
 32003 | Orc:2    | Found Luestasm's Distillery.
 32009 | Orc:2    | Bought 2 potions of heal wounds for 140 gold pieces
 32018 | Orc:2    | Bought a glowing kite shield for 247 gold pieces
 32462 | Swamp:1  | Entered Level 1 of the Swamp
 33583 | Swamp:1  | Reached skill level 10 in Short Blades
 34437 | Swamp:2  | Noticed a fenstrider witch
 35453 | Orc:2    | Bought the +3 crown of Dyrovepreva {rElec Int+2 SInv} for
                  | 1366 gold pieces
 35453 | Orc:2    | Found the +3 crown of Dyrovepreva {rElec Int+2 SInv}
 35825 | D:13     | Found Dycof's Changing Room.
 36886 | D:14     | Reached skill level 1 in Shields
 37424 | D:14     | Found a frozen archway.
 37424 | D:14     | Noticed an azure jelly
 37441 | D:14     | Killed an azure jelly
 37459 | IceCv    | Entered an ice cave
 37466 | IceCv    | Reached skill level 5 in Shields
 38182 | IceCv    | Got the Grimoire of a Thousand Stars
 38449 | D:14     | Found a gate to the Vaults.
 38451 | D:14     | Noticed Josephine
 38892 | D:14     | Killed Josephine
 39822 | D:14     | Reached XP level 16. HP: 126/126 MP: 24/24
 39902 | D:15     | Entered Level 15 of the Dungeon
 40775 | D:15     | Found a staircase to the Depths.
 41416 | Orc:2    | Bought a glowing long sword for 195 gold pieces
 43551 | Swamp:2  | HP: 6/130 [will-o-the-wisp/foxfire (11)]
 44275 | Swamp:2  | Paralysed by a fenstrider witch for 6 turns
 44916 | Swamp:3  | Noticed a tentacled monstrosity
 44939 | Swamp:2  | Killed a tentacled monstrosity
 45607 | Swamp:3  | Noticed Mara
 45607 | Swamp:3  | Noticed a thorn hunter
 45645 | Swamp:3  | Banished a thorn hunter
 45646 | Swamp:3  | Mangled by a tyrant leech

Illustrated notes

Levels and vault maps discovered:
D:1:      zaba_arrival_water, layout_loops_ring,
          shapermc_ecumenical_altar_pompeii, st_stairs_9
D:2:      minmay_evil_eye, layout_basic, basic_altar
D:3:      minmay_angry_zag, layout_basic, nzn_overflow_gifts_of_might_and_magic,
          tso_metal_star, minivault_24, kennysheep_generic_room_10
D:4:      layout_rooms, cheibrodos_sewer_entry_sluice, minmay_misc_feat_hallway,
          minmay_ruined_shrine
D:5:      layout_gridville, grunt_dithmenos_smoke_and_mirrors,
          nicolae_ossuary_entry_monument
D:6:      layout_gridville, uniq_menkaure
D:7:      layout_basic, elyvilon_altar_1, tgw_fedhas, slow_altar_1,
          nicolae_overflow_crystal_walls, minmay_temple_entry_offerings,
          uniq_joseph
D:8:      layout_layer_cave, nicolae_elemental_shop, kb_lookout_dungeons_type,
          hangedman_abyss_or_decor_slice
D:9:      layout_stronghold, lair_entry_dummy, nrook_loot_triangle, uniq_grum,
          uniq_pikel
D:10:     minmay_slanted_spiral_squares, layout_loops_corners,
          mainiacjoe_overflow_catwalk, uniq_snorg
D:11:     layout_basic, enter_trove_3, grunt_potential, uniq_erica
D:12:     layout_gridville, minmay_orc_entry_guard_dogs, uniq_gastronok
D:13:     layout_layer_cave, nicolae_transmutations_shop
D:14:     layout_basic, skrybe_vaults_entry_preservation,
          portal_ice_cave_entry_frozen_things, uniq_josephine
D:15:     hangedman_depths_entry_civil_slaughter, layout_long_grid,
          good_gods_mini_temple, serial_bayou, serial_bayou_shore_b,
          serial_bayou_pond_c, serial_bayou_pond_b, serial_bayou_ford_a,
          serial_bayou_shore_a, eino_small_chamber_without_monster
Lair:1:   layout_small_grid
Lair:2:   layout_roguey
Lair:3:   layout_hall_layers, minmay_snake_entry_guardpost_small
Lair:4:   layout_layer_cave, swamp_mist, uniq_kirke
Lair:5:   layout_misc_corridors, st_stairs_10
Lair:6:   cheibrodos_lair_end_hotspot, layout_hall_layers,
          minmay_slime_entry_pillars
Swamp:1:  layout_basic_swamp, evilmike_swamp_ruin_house_3
Swamp:2:  layout_falls_marsh, serial_swamp_ruin, evilmike_swamp_ruin_house_6,
          evilmike_swamp_ruin_rubble_2
Swamp:3:  layout_basic_swamp, evilmike_swamp_ruin_house_1, swamp_pool3,
          infiniplex_staircase_pool, uniq_mara
Orc:1:    layout_diamond_mine, serial_shops, nicolae_shop_behind_doors,
          hangedman_minor_magic, uniq_fannar
Orc:2:    st_orc_pillars, layout_caves, serial_shops, nicolae_shop_waterfront,
          uniq_nessos

Skill      XL: |  1  2  3  4  5  6  7  8  9 10 11 12 13 14 15 16 |
---------------+-------------------------------------------------+-----
Long Blades    | 2 3 4 5 6 7 9 13 14 | 14.1
Invocations    | 3 5 6 8 10 | 10.7
Fighting       | 5 7 11 14 | 14.4
Armour         | 4 6 8 |  8.0
Crossbows      | 3 4 |  4.1
Evocations     | 6 |  6.0
Transmutations | 4 5 |  5.0
Short Blades   | 3 8 11 | 11.1
Translocations | 5 |  5.8
Spellcasting   | 4 |  4.0
Shields        | 7 8 |  8.0
Dodging        | |  0.8

Action                   |  1- 3 |  4- 6 |  7- 9 | 10-12 | 13-15 | 16-18 || total
-------------------------+-------+-------+-------+-------+-------+-------++-------
Melee: Falchion          |   111 |       |       |       |       |       ||   111
       Long sword        |    16 |   224 |   274 |   293 |   259 |   172 ||  1238
       Short sword       |       |       |       |     5 |     7 |       ||    12
       Rapier            |       |       |       |       |  1233 |   313 ||  1546
       Scimitar          |       |       |       |       |       |    60 ||    60
 Fire: Hand crossbow     |       |       |       |     7 |       |       ||     7
Throw: Dart              |       |     8 |    14 |    12 |     6 |       ||    40
       Stone             |       |     8 |       |       |       |       ||     8
Invok: Corrupt           |       |       |     1 |       |       |       ||     1
       Bend Space        |       |       |       |     2 |       |       ||     2
       Banish            |       |       |       |     1 |     3 |     6 ||    10
Evoke: Wand              |       |       |       |     9 |    43 |     2 ||    54
       Box of beasts     |       |       |       |     1 |     5 |       ||     6
       Lightning rod     |       |       |       |       |     6 |       ||     6
  Use: Potion            |       |     4 |     5 |     6 |    22 |     2 ||    39
       Scroll            |       |     3 |    14 |     3 |    13 |     4 ||    37
 Stab: Distracted        |       |       |       |       |     2 |       ||     2
       Invisible         |       |       |       |       |     6 |       ||     6
       Sleeping          |       |       |       |       |     1 |       ||     1
Armor: Leather armour    |    22 |       |       |       |       |       ||    22
       Ring mail         |    19 |    62 |   108 |   157 |   520 |       ||   866
       Plate armour      |       |       |       |       |    46 |   374 ||   420
Dodge: Dodged            |    95 |    98 |   148 |   151 |   453 |   122 ||  1067
Block: Kite shield       |       |       |       |       |   149 |   292 ||   441
       Rpst.: Falchion   |    31 |       |       |       |       |       ||    31
       Long sword        |       |    30 |    41 |    40 |    28 |     6 ||   145
       Scimitar          |       |       |       |       |       |     1 ||     1
